| TOP OF THE 1ST |
|
Bristol Bees batting - Pitching for Bluefield Grays : RHP Danny Clay
|
|
Pitching: RHP Danny Clay
|
|
|
Batting: SHB Stan Jefferson
|
0-0: Ball 1-0: Foul Ball, location: 2F 1-1: Swinging Strike 1-2: Strikes out swinging
|
|
Batting: RHB Timothy Utecht
|
0-0: Called Strike 0-1: Ball 1-1: Swinging Strike 1-2: Ground out 1-3 (Groundball, 13, EV 68.1 MPH)
|
|
Batting: LHB Joe Orsulak
|
0-0: Called Strike 0-1: Ball 1-1: Ball 2-1: Ground out 6-3 (Groundball, 56, EV 80.0 MPH)
|
| Top of the 1st over - 0 runs, 0 hits, 0 errors, 0 left on base; Bristol 0 - Bluefield 0 |
| BOTTOM OF THE 1ST |
|
Bluefield Grays batting - Pitching for Bristol Bees : RHP Juan Ruiz
|
|
Pitching: RHP Juan Ruiz
|
|
|
Batting: SHB Casey Candaele
|
0-0: Ball 1-0: Foul Ball, location: 2F 1-1: Swinging Strike 1-2: Foul Ball, location: 2F 1-2: Strikes out looking
|
|
Batting: RHB Sam Haley
|
0-0: Ball 1-0: Ball 2-0: Ball 3-0: Base on Balls
|
|
Batting: RHB Charlie Hayes
|
0-0: Ball 1-0: Ball 2-0: Called Strike 2-1: SINGLE (Line Drive, 89S, EV 94.4 MPH) Sam Haley to second Runner from 2nd tries for 3rd, SAFE, no throw by RF
|
|
Batting: RHB Richard Diaz
|
0-0: Ball 1-0: Fly out, F1 (Line Drive, P, EV 60.6 MPH)
|
|
Batting: SHB Chris Maloney
|
0-0: Called Strike 0-1: Ball 1-1: Ball 2-1: Foul Ball, location: 2F 2-2: Ball 3-2: Fly out, F8 (Flyball, 8LD, EV 108.1 MPH)
|
| Bottom of the 1st over - 0 runs, 1 hit, 0 errors, 2 left on base; Bristol 0 - Bluefield 0 |
| TOP OF THE 2ND |
|
Bristol Bees batting - Pitching for Bluefield Grays : RHP Danny Clay
|
|
Batting: SHB Dale Sveum
|
0-0: Ball 1-0: Called Strike 1-1: Ground out 4-3 (Groundball, 4, EV 85.0 MPH)
|
|
Batting: SHB Bernie Tatis
|
0-0: Foul Ball, location: 2F 0-1: Ball 1-1: SINGLE (Groundball, 34D, EV 100.0 MPH)
|
|
Batting: RHB Glenallen Hill
|
0-0: Swinging Strike 0-1: Called Strike 0-2: Grounds into double play, 3-6-1 (Groundball, 34, EV 82.5 MPH)
|
| Top of the 2nd over - 0 runs, 1 hit, 0 errors, 0 left on base; Bristol 0 - Bluefield 0 |
| BOTTOM OF THE 2ND |
|
Bluefield Grays batting - Pitching for Bristol Bees : RHP Juan Ruiz
|
|
Batting: RHB Brad Colton
|
0-0: Foul Ball, location: 2F 0-1: Ball 1-1: Foul Ball, location: 2F 1-2: Ball 2-2: Ball 3-2: Ground out 2-3 (Groundball, 2R, EV 68.8 MPH)
|
|
Batting: RHB Steven Wolff
|
0-0: Ball 1-0: Ground out 5-3 (Groundball, 56, EV 88.1 MPH)
|
|
Batting: RHB James Eurton
|
0-0: Swinging Strike 0-1: Foul Ball, location: 2F 0-2: Strikes out swinging, 2-3 out at first.
|
| Bottom of the 2nd over - 0 runs, 0 hits, 0 errors, 0 left on base; Bristol 0 - Bluefield 0 |
| TOP OF THE 3RD |
|
Bristol Bees batting - Pitching for Bluefield Grays : RHP Danny Clay
|
|
Batting: RHB John Frierson
|
0-0: Foul Ball, location: 2F 0-1: Ball 1-1: SINGLE (Line Drive, 5D, EV 98.1 MPH)
|
|
Batting: RHB Juan Burgos
|
0-0: Called Strike 0-1: Ball 1-1: Grounds into double play, 6-4-3 (Groundball, 6, EV 78.1 MPH)
|
|
Batting: RHB Rory Dixon
|
0-0: Called Strike 0-1: Swinging Strike 0-2: Strikes out swinging
|
| Top of the 3rd over - 0 runs, 1 hit, 0 errors, 0 left on base; Bristol 0 - Bluefield 0 |
| BOTTOM OF THE 3RD |
|
Bluefield Grays batting - Pitching for Bristol Bees : RHP Juan Ruiz
|
|
Batting: SHB Alex Garcia
|
0-0: Called Strike 0-1: Swinging Strike 0-2: SINGLE (Groundball, 6MD, EV 103.8 MPH)
|
|
Batting: SHB Casey Candaele
|
0-0: SINGLE (Line Drive, 9LM, EV 97.5 MPH) Alex Garcia to second
|
|
Batting: RHB Sam Haley
|
0-0: Called Strike 0-1: Foul Ball, location: 2F 0-2: Foul Ball, location: 2F 0-2: Ball 1-2: SINGLE (Groundball, 34D, EV 101.3 MPH) Alex Garcia to third Casey Candaele to second Runner from 3rd tries for Home, SAFE, throw by RF to home
|
|
Batting: RHB Charlie Hayes
|
0-0: Ball 1-0: Fly out, F6 (Line Drive, 6, EV 70.6 MPH)
|
|
Batting: RHB Richard Diaz
|
0-0: Ball 1-0: Fly out, F5 (Line Drive, 5, EV 73.8 MPH)
|
|
Batting: SHB Chris Maloney
|
0-0: Ball 1-0: Ground out U3 (Groundball, 3, EV 83.1 MPH)
|
| Bottom of the 3rd over - 1 run, 3 hits, 0 errors, 2 left on base; Bristol 0 - Bluefield 1 |
| TOP OF THE 4TH |
|
Bristol Bees batting - Pitching for Bluefield Grays : RHP Danny Clay
|
|
Batting: SHB Stan Jefferson
|
0-0: Called Strike 0-1: SINGLE (Groundball, 6S, EV 66.9 MPH) (infield hit)
|
|
Batting: RHB Timothy Utecht
|
0-0: Called Strike Stan Jefferson steals 2nd base 0-1: Ball 1-1: Called Strike 1-2: Foul Ball, location: 2F 1-2: Foul Ball, location: 2F 1-2: Ball 2-2: Foul Ball, location: 2F 2-2: Fly out, F7 (Flyball, 7, EV 82.5 MPH)
|
|
Batting: LHB Joe Orsulak
|
0-0: Ball 1-0: Ball 2-0: Foul Ball, location: 2F 2-1: Ball 3-1: TRIPLE (Flyball, 78XD, EV 96.3 MPH) Stan Jefferson scores
|
|
Batting: SHB Dale Sveum
|
0-0: Ball 1-0: Ball 2-0: Ball 3-0: Called Strike 3-1: Foul Ball, location: 2F 3-2: Fly out, F7 (Flyball, 7LS, EV 91.3 MPH)
|
|
Batting: SHB Bernie Tatis
|
0-0: Foul Ball, location: 2F 0-1: SINGLE (Line Drive, 9S, EV 92.5 MPH) Joe Orsulak scores
|
|
Batting: RHB Glenallen Hill
|
0-0: Ball Bernie Tatis steals 2nd base 1-0: Fly out, F8 (Flyball, 8RM, EV 78.1 MPH)
|
| Top of the 4th over - 2 runs, 3 hits, 0 errors, 1 left on base; Bristol 2 - Bluefield 1 |
| BOTTOM OF THE 4TH |
|
Bluefield Grays batting - Pitching for Bristol Bees : RHP Juan Ruiz
|
|
Batting: RHB Brad Colton
|
0-0: Ball 1-0: Ground out 6-3 (Groundball, P, EV 86.9 MPH)
|
|
Batting: RHB Steven Wolff
|
0-0: Called Strike 0-1: Ball 1-1: SINGLE (Groundball, 4D, EV 101.3 MPH)
|
|
Batting: RHB James Eurton
|
0-0: Ball 1-0: Ball 2-0: Grounds into double play, 4-6-3 (Groundball, 4S, EV 80.0 MPH)
|
| Bottom of the 4th over - 0 runs, 1 hit, 0 errors, 0 left on base; Bristol 2 - Bluefield 1 |
| TOP OF THE 5TH |
|
Bristol Bees batting - Pitching for Bluefield Grays : RHP Danny Clay
|
|
Batting: RHB John Frierson
|
0-0: Ball 1-0: Ball 2-0: Bunted foul 2-1: Called Strike 2-2: Ball 3-2: Foul Ball, location: 2F 3-2: Ground out 6-3 (Groundball, 6, EV 83.8 MPH)
|
|
Batting: RHB Juan Burgos
|
0-0: Foul Ball, location: 2F 0-1: Ball 1-1: Ground out 6-3 (Groundball, 6, EV 86.9 MPH)
|
|
Batting: RHB Rory Dixon
|
0-0: Called Strike 0-1: Fly out, F8 (Flyball, 8RD, EV 100.6 MPH)
|
| Top of the 5th over - 0 runs, 0 hits, 0 errors, 0 left on base; Bristol 2 - Bluefield 1 |
| BOTTOM OF THE 5TH |
|
Bluefield Grays batting - Pitching for Bristol Bees : RHP Juan Ruiz
|
|
Batting: SHB Alex Garcia
|
0-0: Called Strike 0-1: Ball 1-1: SINGLE (Line Drive, 8LS, EV 94.4 MPH)
|
|
Batting: SHB Casey Candaele
|
0-0: Ball 1-0: Called Strike 1-1: Foul Ball, location: 2F 1-2: Ball 2-2: Ball 3-2: Strikes out swinging Alex Garcia is caught stealing 2nd base 2-6 Batter strikes out.
|
|
Batting: RHB Sam Haley
|
0-0: Ball 1-0: Ball 2-0: Ground out 6-3 (Groundball, 6, EV 85.6 MPH)
|
| Bottom of the 5th over - 0 runs, 1 hit, 0 errors, 0 left on base; Bristol 2 - Bluefield 1 |
| TOP OF THE 6TH |
|
Bristol Bees batting - Pitching for Bluefield Grays : RHP Danny Clay
|
|
Batting: SHB Stan Jefferson
|
0-0: Ball 1-0: Ground out 4-3 (Groundball, 4S, EV 87.5 MPH)
|
|
Batting: RHB Timothy Utecht
|
0-0: Swinging Strike 0-1: Ball 1-1: Called Strike 1-2: DOUBLE (Flyball, 9LD, EV 98.1 MPH)
|
|
Batting: LHB Joe Orsulak
|
0-0: Intentional Walk
|
|
Batting: SHB Dale Sveum
|
0-0: Ball 1-0: Ball 2-0: Ball 3-0: Called Strike 3-1: Foul Ball, location: 2F 3-2: SINGLE (Groundball, 56D, EV 107.5 MPH) Timothy Utecht to third Joe Orsulak to second Runner from 3rd tries for Home, SAFE, throw by LF to home
|
|
Batting: SHB Bernie Tatis
|
0-0: Ball 1-0: Ball 2-0: Called Strike 2-1: Called Strike 2-2: TRIPLE (Flyball, 89XD, EV 101.3 MPH) Joe Orsulak scores Dale Sveum scores
|
|
Pitching: RHP Salvador Santiago
|
|
|
Batting: RHB Glenallen Hill
|
0-0: Ball 1-0: Ball 2-0: Ball 3-0: Base on Balls
|
|
Batting: RHB John Frierson
|
0-0: Called Strike 0-1: Ball 1-1: Ball 2-1: Ball 3-1: Called Strike 3-2: Ground out 4-3 (Groundball, 4S, EV 82.5 MPH) Bernie Tatis scores Glenallen Hill to second
|
|
Batting: RHB Juan Burgos
|
0-0: Foul Ball, location: 2F 0-1: SINGLE (Line Drive, 4M, EV 96.3 MPH) Glenallen Hill to third Runner from 3rd tries for Home, SAFE, throw by CF to home Juan Burgos to second
|
|
Batting: RHB Rory Dixon
|
0-0: SINGLE (Groundball, 34D, EV 98.1 MPH) Juan Burgos to third Runner from 3rd tries for Home, SAFE, throw by RF to home
|
|
Batting: SHB Stan Jefferson
|
0-0: Called Strike 0-1: Ball 1-1: SINGLE (Groundball, 6M, EV 101.3 MPH) (infield hit) Rory Dixon to second
|
|
Batting: RHB Timothy Utecht
|
0-0: Ball 1-0: Ball 2-0: Ball 3-0: Base on Balls Rory Dixon to third Stan Jefferson to second
|
|
Batting: LHB Joe Orsulak
|
0-0: Fielders Choice at 2nd, 6-4 (Groundball, 6, EV 82.5 MPH)
|
| Top of the 6th over - 6 runs, 6 hits, 0 errors, 3 left on base; Bristol 8 - Bluefield 1 |
| BOTTOM OF THE 6TH |
|
Bluefield Grays batting - Pitching for Bristol Bees : RHP Juan Ruiz
|
|
Batting: RHB Charlie Hayes
|
0-0: Called Strike 0-1: Ball 1-1: Ball 2-1: Foul Ball, location: 2F 2-2: Foul Ball, location: 2F 2-2: Foul Ball, location: 2F 2-2: Strikes out swinging
|
|
Batting: RHB Richard Diaz
|
0-0: Foul Ball, location: 2F 0-1: Ball 1-1: Ground out 6-3 (Groundball, 6, EV 94.4 MPH)
|
|
Batting: SHB Chris Maloney
|
0-0: SINGLE (Groundball, 6MD, EV 97.5 MPH)
|
|
Batting: RHB Brad Colton
|
0-0: Swinging Strike 0-1: Ground out 5-3 (Groundball, 56S, EV 87.5 MPH)
|
| Bottom of the 6th over - 0 runs, 1 hit, 0 errors, 1 left on base; Bristol 8 - Bluefield 1 |
| TOP OF THE 7TH |
|
Bristol Bees batting - Pitching for Bluefield Grays : RHP Salvador Santiago
|
|
Pinch Hitting: SHB Juan Batista
|
0-0: Ball 1-0: Swinging Strike 1-1: Ball 2-1: Foul Ball, location: 2F 2-2: Strikes out swinging
|
|
Pinch Hitting: RHB Luis Gonzalez
|
0-0: Called Strike 0-1: Called Strike 0-2: Ball 1-2: SINGLE (Groundball, 56D, EV 108.1 MPH)
|
|
Pinch Hitting: LHB Howard Akers
|
0-0: Called Strike 0-1: Ball 1-1: Ball 2-1: Ball 3-1: Fielders Choice at 2nd, 3-6 (Groundball, 34, EV 89.4 MPH)
|
|
Batting: RHB John Frierson
|
0-0: Swinging Strike 0-1: Fly out, F5 (Line Drive, 5, EV 68.1 MPH)
|
| Top of the 7th over - 0 runs, 1 hit, 0 errors, 1 left on base; Bristol 8 - Bluefield 1 |
| BOTTOM OF THE 7TH |
|
Bluefield Grays batting - Pitching for Bristol Bees : RHP Juan Ruiz
|
|
Now at 2B: Luis Gonzalez
|
|
|
Now at 3B: Juan Batista
|
|
|
Now in CF: Tracy Jones
|
|
|
Batting: RHB Steven Wolff
|
0-0: Ball 1-0: Ball 2-0: Called Strike 2-1: Ball 3-1: Foul Ball, location: 2F 3-2: Foul Ball, location: 2F 3-2: Base on Balls
|
|
Batting: RHB James Eurton
|
0-0: Ball 1-0: Called Strike 1-1: Foul Ball, location: 2F 1-2: Ball 2-2: Ball 3-2: Base on Balls Steven Wolff to second
|
|
Batting: SHB Alex Garcia
|
0-0: Called Strike 0-1: DOUBLE (Flyball, 89D, EV 111.3 MPH) Steven Wolff scores James Eurton to third
|
|
Batting: SHB Casey Candaele
|
0-0: Called Strike 0-1: Ball 1-1: Fly out, F8 (Flyball, 8LD, EV 95.0 MPH) Runner from 3rd tags up, SCORES, throw by CF
|
|
Batting: RHB Sam Haley
|
0-0: Called Strike Alex Garcia is caught stealing 3rd base 2-5 0-1: Swinging Strike 0-2: Foul Ball, location: 2F 0-2: Strikes out swinging
|
| Bottom of the 7th over - 2 runs, 1 hit, 0 errors, 0 left on base; Bristol 8 - Bluefield 3 |
| TOP OF THE 8TH |
|
Bristol Bees batting - Pitching for Bluefield Grays : RHP Salvador Santiago
|
|
Batting: RHB Juan Burgos
|
0-0: DOUBLE (Line Drive, 7LS, EV 110.6 MPH)
|
|
Batting: RHB Rory Dixon
|
0-0: Fly out, F9 (Flyball, 9S, EV 85.0 MPH)
|
|
Batting: SHB Stan Jefferson
|
0-0: Foul Ball, location: 2F 0-1: Ball 1-1: Called Strike 1-2: Strikes out swinging
|
|
Pitching: RHP Tim Criswell
|
|
|
Batting: RHB Timothy Utecht
|
0-0: Foul Ball, location: 2F 0-1: Ball 1-1: Foul Ball, location: 2F 1-2: Ball 2-2: Ground out U3 (Groundball, 34, EV 78.1 MPH)
|
| Top of the 8th over - 0 runs, 1 hit, 0 errors, 1 left on base; Bristol 8 - Bluefield 3 |
| BOTTOM OF THE 8TH |
|
Bluefield Grays batting - Pitching for Bristol Bees : RHP Juan Ruiz
|
|
Batting: RHB Charlie Hayes
|
0-0: Ball 1-0: Ground out 4-3 (Groundball, 4S, EV 92.5 MPH)
|
|
Batting: RHB Richard Diaz
|
0-0: Called Strike 0-1: Foul Ball, location: 2F 0-2: Ball 1-2: Ball 2-2: Foul Ball, location: 2F 2-2: Fly out, F8 (Flyball, 8RS, EV 86.9 MPH)
|
|
Batting: SHB Chris Maloney
|
0-0: Ball 1-0: Called Strike 1-1: Ball 2-1: Ground out 1-3 (Groundball, 15S, EV 68.8 MPH)
|
| Bottom of the 8th over - 0 runs, 0 hits, 0 errors, 0 left on base; Bristol 8 - Bluefield 3 |
| TOP OF THE 9TH |
|
Bristol Bees batting - Pitching for Bluefield Grays : RHP Tim Criswell
|
|
Batting: LHB Joe Orsulak
|
0-0: Ball 1-0: Foul Ball, location: 2F 1-1: Ball 2-1: Foul Ball, location: 2F 2-2: Strikes out swinging
|
|
Batting: SHB Juan Batista
|
0-0: Ball 1-0: Called Strike 1-1: Ball 2-1: Ball 3-1: Foul Ball, location: 2F 3-2: Foul Ball, location: 2F 3-2: Strikes out swinging
|
|
Batting: RHB Luis Gonzalez
|
0-0: Ball 1-0: Ball 2-0: DOUBLE (Line Drive, 89D, EV 106.3 MPH)
|
|
Batting: RHB Tracy Jones
|
0-0: Foul Ball, location: 2F 0-1: Ball 1-1: Ball 2-1: Ground out 3-1 (Groundball, 34S, EV 81.3 MPH)
|
| Top of the 9th over - 0 runs, 1 hit, 0 errors, 1 left on base; Bristol 8 - Bluefield 3 |
| BOTTOM OF THE 9TH |
|
Bluefield Grays batting - Pitching for Bristol Bees : RHP Juan Ruiz
|
|
Batting: RHB Brad Colton
|
0-0: Foul Ball, location: 2F 0-1: Ball 1-1: Ball 2-1: Ground out 1-3 (Groundball, 13S, EV 69.4 MPH)
|
|
Batting: RHB Steven Wolff
|
0-0: Called Strike 0-1: Ball 1-1: Ball 2-1: Ball 3-1: Base on Balls
|
|
Batting: RHB James Eurton
|
0-0: Ground out 6-3 (Groundball, P, EV 86.3 MPH) Steven Wolff to second
|
|
Batting: SHB Alex Garcia
|
0-0: Ball 1-0: Swinging Strike 1-1: Swinging Strike 1-2: Strikes out looking
|
| Bottom of the 9th over - 0 runs, 0 hits, 0 errors, 1 left on base; Bristol 8 - Bluefield 3 |
|